 Dungeon Crawl Stone Soup version 0.30-a0-870-gc5d4c5acee (webtiles) character file.

Game seed: 2853808541127773116

1061 Orangeyouglad the Conjurer (level 8, 0/41 HPs)
             Began as a Deep Elf Conjurer on Mar 11, 2023.
             Slain by a sleepcap (7 damage)
             ... on level 4 of the Dungeon.
             The game lasted 00:08:47 (5651 turns).

Orangeyouglad the Conjurer (Deep Elf Conjurer)      Turns: 5651, Time: 00:08:47

Health: 0/41       AC:  3    Str:  4    XL:     8   Next: 6%
Magic:  12/19      EV: 14    Int: 26    God:
Gold:   205        SH:  0    Dex: 13    Spells: 5/19 levels left

rFire   x . .      SeeInvis .    f - +2 dagger (venom)
rCold   + . .      Faith    .    (no shield)
rNeg    . . .      Spirit   .    a - +0 robe
rPois   .          Reflect  .    g - +0 helmet
rElec   .          Rampage  .    (no cloak)
rCorr   .                        (no gloves)
Will    .....                    (no boots)
Stlth   +++                      (no amulet)
HPRegen 0.26/turn                s - ring of ice
MPRegen 0.16/turn                (no ring)

@: lethally poisoned (0 -> -6), about to teleport, studying Staves
A: no striking features
a: no special abilities


You were on level 4 of the Dungeon.
You visited 1 branch of the dungeon, and saw 5 of its levels.

You collected 205 gold pieces.

Inventory:

Hand Weapons
 f - a +2 dagger of venom (weapon)
 p - a +1 vampiric dagger
Armour
 a - a +0 robe (worn)
 g - a +0 helmet (worn)
Jewellery
 s - a ring of ice (left hand)
 v - a ring of ice
Scrolls
 b - a scroll of fog {unknown}
 c - 4 scrolls of identify
 d - a scroll of enchant weapon {unknown}
 e - a scroll of fear {unknown}
 h - 3 scrolls of vulnerability
 i - 2 scrolls of torment {unknown}
 j - 3 scrolls of teleportation
 k - a scroll of enchant armour {unknown}
 q - 2 scrolls of acquirement {unknown}
 u - a scroll of poison {unknown}
Potions
 l - 2 potions of flight {unknown}
 m - a potion of resistance {unknown}
 n - a potion of haste {unknown}
 o - 3 potions of lignification {unknown}
 r - a potion of attraction {unknown}
 t - a potion of ambrosia {unknown}
 w - 2 potions of degeneration {unknown}
 x - a potion of brilliance {unknown}
 z - a potion of curing {unknown}


   Skills:
 + Level 5.7 Dodging
 + Level 6.1 Stealth
 + Level 6.2 Spellcasting
 + Level 6.4 Conjurations
 + Level 4.5 Hexes


You had 5 spell levels left.
You knew the following spells:

 Your Spells              Type           Power      Damage    Failure   Level
a - Magic Dart            Conj           100%       1d8       1%          1
b - Searing Ray           Conj           82%        2d7       1%          2
c - Dazzling Flash        Conj/Hex       72%        N/A       1%          3
d - Fulminant Prism       Conj/Hex       18%        3d10      7%          4
e - Iskenderun's Mystic   Conj/Tloc      24%        2d7       19%         4

Your spell library contained the following spells:

 Spells                   Type           Power      Damage    Failure   Level
 Lesser Beckoning         Tloc           16%        N/A       11%         2
 Gell's Gravitas          Tloc           8%         N/A       21%         3
 Teleport Other           Tloc           8%         N/A       21%         3


Dungeon Overview and Level Annotations

Branches:
Dungeon (5/15)
 Temple: D:4-7

Altars:
Nemelex Xobeh

Shops:
D:3 =


Message History

The hound closely misses you. The hound barely misses you.
The searing ray hits the hound!
You kill the hound!
The scorpion stings you but does no damage.
Casting: Searing Ray (safe; 1% risk of failure)
Confirm with . or Enter, or press ? or * to list all spells.
Restarting spell: Searing Ray (safe; 1% risk of failure)
Press: ? - help, Shift-Dir - straight line, f - scorpion
Aim: a scorpion (heavily wounded, 82% to hit)
The searing ray hits the scorpion.
The scorpion is severely wounded. (Press . to maintain the ray.)
The scorpion stings you but does no damage.
The searing ray hits the scorpion but does no damage.
The scorpion is severely wounded.
The scorpion stings you.
You are poisoned.
The scorpion poisons you! The scorpion stings you.
You are more poisoned.
The scorpion poisons you!
The searing ray hits the scorpion but does no damage.
The scorpion is severely wounded.
You feel very sick. The scorpion barely misses you.
You feel very sick. The scorpion closely misses you.
The sleepcap releases spores at you.
You are engulfed in a cloud of soporific spores!
You climb upwards.
You feel very sick.
There is a stone staircase leading down here.
Casting: Searing Ray (safe; 1% risk of failure)
Confirm with . or Enter, or press ? or * to list all spells.
Okay, then.
Okay, then.
As you read the scroll labelled OTWIRR JOWNE, it crumbles to dust.
You feel strangely unstable.
It was a scroll of teleportation.
You feel sick. The scorpion stings you.
* * * LOW HITPOINT WARNING * * *
The sleepcap releases spores at you!
You die...

##### ########### #...#
#...##....# ###...#####.........#
#....##.#......s....#
#.........##...@f...#
#..........#..)..#.##
###...).......####..####
#..............####....##
................###.....########
............(....###...##.#....##
.........)........#.............#
..##............................#
.................)..............#


You could see a sleepcap and a scorpion.

Vanquished Creatures
  An ice beast (D:5)
  A sky beast (D:4)
  An ogre (D:5)
  4 scorpions (D:5)
  2 howler monkeys (D:5)
  A hound (D:5)
  2 orc priests (D:5)
  3 iguanas
  3 orc wizards (D:5)
  4 gnolls (D:4)
  9 adders
  A white imp (D:5)
  An ufetubus (D:4)
  2 worms (D:2)
  A dart slug (D:2)
  10 orcs
  10 endoplasms
  A giant cockroach (D:3)
  9 goblins
  7 hobgoblins
  4 jackals (D:4)
  3 quokkas
  9 ball pythons
  8 bats
  4 frilled lizards
  6 kobolds
  5 rats
112 creatures vanquished.

Notes
Turn   | Place    | Note
-------+----------+-------------------------------------------
     0 | D:1      | Orangeyouglad the Deep Elf Conjurer began the quest for the
                  | Orb.
     0 | D:1      | Reached XP level 1. HP: 10/10 MP: 6/6
    11 | D:1      | Noticed a minotaur zombie
    14 | D:1      | Noticed a demonspawn zombie
    18 | D:1      | Noticed a merfolk zombie
   290 | D:1      | Reached XP level 2. HP: 8/15 MP: 0/8
   544 | D:1      | Learned a level 2 spell: Searing Ray
  1189 | D:2      | Reached XP level 3. HP: 19/19 MP: 5/10
  1527 | D:2      | Found a faded altar of an unknown god.
  1642 | D:2      | Reached XP level 4. HP: 3/24 MP: 6/11
  1643 | D:2      | Reached skill level 5 in Conjurations
  1750 | D:2      | Learned a level 3 spell: Dazzling Flash
  2171 | D:3      | Learned a level 4 spell: Fulminant Prism
  2549 | D:3      | Found Polateho's Jewellery Shoppe.
  2845 | D:3      | Reached skill level 1 in Hexes
  2845 | D:3      | Reached XP level 5. HP: 26/28 MP: 6/13
  3114 | D:4      | Noticed a sky beast
  3121 | D:4      | Killed a sky beast
  3430 | D:4      | Reached XP level 6. HP: 13/32 MP: 4/14
  3640 | D:4      | Found a sparkling altar of Nemelex Xobeh.
  4212 | D:5      | Entered Level 5 of the Dungeon
  4258 | D:5      | Learned a level 4 spell: Iskenderun's Mystic Blast
  4330 | D:5      | Reached skill level 5 in Spellcasting
  4575 | D:5      | Reached skill level 5 in Stealth
  4575 | D:5      | Reached XP level 7. HP: 36/36 MP: 8/16
  4712 | D:5      | Reached skill level 5 in Dodging
  5391 | D:5      | Reached XP level 8. HP: 38/41 MP: 3/19
  5651 | D:4      | Slain by a sleepcap

Illustrated notes

Levels and vault maps discovered:
D:1:      shiori_arrival_whats_in_store_for_you, layout_loops_ring,
          serial_forest, infiniplex_forest_join, infiniplex_forest_clump_long,
          infiniplex_forest_straight_3, infiniplex_forest_clump_cross,
          infiniplex_forest_clump_double
D:2:      minmay_diamond_boxcup, layout_rooms, chequers_ecumenical_altar_simple,
          nicolae_underground_beach
D:3:      layout_loops_corners, serial_shops, shop
D:4:      layout_cave_pools, lemuel_coloured_pillars_altar, st_stairs_2
D:5:      layout_layer_cave, tgw_xom, minmay_manual_monstrance

Skill      XL: |  1  2  3  4  5  6  7 |
---------------+----------------------+-----
Stealth        | 3 4 5 6 |  6.1
Dodging        | 3 4 5 |  5.7
Spellcasting   | 4 5 6 |  6.2
Conjurations   | 5 6 |  6.4
Hexes          | 1 2 3 4 |  4.5

Action                     |  1- 3 |  4- 6 |  7- 9 || total
---------------------------+-------+-------+-------++-------
  Melee: Dagger            |     2 |     6 |       ||     8
   Cast: Magic Dart        |    65 |    88 |    24 ||   177
         Searing Ray       |     5 |    14 |    14 ||    33
    Use: Potion            |     1 |       |       ||     1
         Scroll            |       |       |     2 ||     2
 Armour: Robe              |     7 |    13 |     6 ||    26
  Dodge: Dodged            |    17 |    22 |    16 ||    55

Table legend: (Time is in decaauts)
 A = Elapsed time spent in this place.
 B = Non-inter-level travel time spent in this place.
 C = Inter-level travel time spent in this place.
 D = Time resting spent in this place.
 E = Time spent auto-exploring this place.
 F = Levels seen in this place.
 G = Mean time per level.
                   A        B        C        D        E       F      G
               +--------+--------+--------+--------+--------+-----+--------+
         Total |   5651 |   5525 |    126 |    510 |   4232 |   5 | 1130.2 |
       Dungeon |   5651 |   5525 |    126 |    510 |   4232 |   5 | 1130.2 |
               +--------+--------+--------+--------+--------+-----+--------+

Top non-repeatable levels by time:
     D:5: 1437 daAuts
     D:3: 1161 daAuts
     D:1: 1149 daAuts
     D:2: 966 daAuts
     D:4: 936 daAuts
